 Dungeon Crawl Stone Soup version 0.28-a0-1518-gbe868bca14 (webtiles) character file.

Game seed: 14546839104749277035

2394 hashsling the Thaumaturge (level 9, -4/45 HPs)
             Began as a Deep Elf Conjurer on Jan 16, 2022.
             Was an Initiate of Vehumet.
             Slain by a yak (13 damage)
             ... on level 6 of the Dungeon.
             The game lasted 00:21:35 (6588 turns).

hashsling the Thaumaturge (Deep Elf Conjurer)       Turns: 6588, Time: 00:21:35

Health: -4/45      AC:  4    Str:  4    XL:     9   Next: 22%
Magic:  7/26       EV: 16    Int: 28    God:    Vehumet [......]
Gold:   269        SH:  0    Dex: 13    Spells: 3/30 levels left

rFire   . . .      SeeInvis .   u - +7 long sword "Daisalis" {flame, rPois rC++}
rCold   + + .      Faith    .   (no shield)
rNeg    . . .      Spirit   .   a - +0 robe
rPois   +          Reflect  .   p - +0 helmet
rElec   .          Harm     .   j - +0 cloak
rCorr   .          Rampage  .   (no gloves)
Will    +....                   (no boots)
Stlth   ++........              (no amulet)
HPRegen 0.15/turn               h - +4 ring of evasion
MPRegen 0.20/turn               l - ring of willpower

@: no status effects
A: no striking features
a: Renounce Religion


You were on level 6 of the Dungeon.
You worshipped Vehumet.
Vehumet was noncommittal.
You visited 2 branches of the dungeon, and saw 7 of its levels.

You collected 269 gold pieces.

Inventory:

Hand Weapons
 u - the +7 long sword "Daisalis" (weapon) {flame, rPois rC++}
   (You found it on level 5 of the Dungeon)

   It burns those it strikes, dealing additional fire damage.
   Big, fiery blades are also staple armaments of hydra-hunters.
   rC:        It greatly protects you from cold.
   rPois:     It protects you from poison.
Armour
 a - a +0 robe (worn)
 j - a +0 cloak (worn)
 p - a +0 helmet (worn)
 v - a +0 buckler
Jewellery
 f - a ring of poison resistance
 h - a +4 ring of evasion (left hand)
 l - a ring of willpower (right hand)
 s - a +6 ring of strength
Wands
 w - a wand of polymorph (8)
Scrolls
 c - 4 scrolls of identify {unknown}
 d - a scroll of acquirement {unknown}
 g - a scroll of enchant weapon {unknown}
 i - 4 scrolls of teleportation
 m - a scroll of noise {unknown}
 o - a scroll of blinking {unknown}
 q - a scroll of amnesia {unknown}
 t - a scroll of enchant armour {unknown}
Potions
 b - 2 potions of haste
 e - a potion of lignification {unknown}
 k - a potion of curing
 n - a potion of resistance {unknown}
 r - 2 potions of brilliance


   Skills:
 - Level 2.4 Dodging
 - Level 2.4 Stealth
 + Level 11.2 Spellcasting
 * Level 9.5 Conjurations
 - Level 5.0 Hexes
 + Level 3.1 Fire Magic


You had 3 spell levels left.
You knew the following spells:

 Your Spells              Type           Power      Damage    Failure   Level
a - Magic Dart            Conj           100%       1d8       1%          1
b - Searing Ray           Conj           100%       2d8       1%          2
c - Dazzling Flash        Conj/Hex       100%       N/A       1%          3
d - Iskenderun's Mystic   Conj/Tloc      42%        2d10      4%          4
e - Fulminant Prism       Conj/Hex       27%        3d14      1%          4
f - Conjure Flame         Conj/Fire      51%        6-21      1%          3
g - Foxfire               Conj/Fire      100%       2x1d9     1%          1
h - Flame Wave            Conj/Fire      51%        2d9       2%          4
i - Inner Flame           Hex/Fire       38%        N/A       1%          3
j - Sublimation of Blood  Necr           15%        N/A       5%          2

Your spell library contained the following spells:

 Spells                   Type           Power      Damage    Failure   Level
 Wereblood                Tmut           15%        N/A       5%          2
 Summon Hydra             Summ           7%         N/A       100%        7


Dungeon Overview and Level Annotations

Branches:
Dungeon (6/15)             Temple (1/1) D:5

Altars:
Ashenzari
Cheibriados
Elyvilon
Fedhas
Hepliaklqana
Kikubaaqudgha
Makhleb
Nemelex Xobeh
Okawaru
Qazlal
Ru
Trog
Uskayaw
Vehumet
Wu Jian
Yredelemnul
Zin
The Shining One

Annotations:
D:3 3 runed translucent doors, croobank's ghost, amateur KoBr


Message History

You hit the yak but do no damage.
The yak is almost dead.
The yak closely misses you. The yak gores you!
* * * LOW HITPOINT WARNING * * *
The yak gores your fulminant prism!
Your fulminant prism detonates feebly.
The yak misses you. x2
Casting: Fulminant Prism (dangerous; 1% risk of failure)
Confirm with . or Enter, or press ? or * to list all spells.
You erupt in a blast of force!
The mystic blast hits the yak.
The yak is lightly wounded.
The yak is knocked back by the mystic blast.
The mystic blast hits the yak!
You kill the yak!
Vehumet accepts your kill.
The mystic blast hits the yak.
The yak is lightly wounded.
The yak is knocked back by the mystic blast.
The mystic blast hits the yak!!
The yak is heavily wounded.
The yak misses you.
Your Fire Magic skill increases to level 3!
Casting: Iskenderun's Mystic Blast (dangerous; 4% risk of failure)
Confirm with . or Enter, or press ? or * to list all spells.
Casting: Flame Wave (dangerous; 2% risk of failure)
Press: ? - help, Dir - look around, f - activate A wave of flame ripples out!
The flame wave engulfs the yak.
The yak is heavily wounded. (Press . to intensify the flame waves.)
The yak closely misses you.
A wave of flame ripples out!
The flame wave engulfs the yak.
The yak is moderately wounded.
The flame wave engulfs the yak!
The yak is almost dead.
The flame wave engulfs the yak!
The yak is heavily wounded.
You hear a shout!
A hound comes into view.
The yak gores you!
You die...

.... #..## #### #...#
##..# #.. #..###..##
#... #...#..##
#..####.....## h
#.....##....## ..#
#...........###....#
#......)....@.Y...#
#......#####YYY...#
#......# ####..##
##.....## ...#
####.....## ...
#........# ### .#
..>.....## ###.# #
........## ###...#
.........######....##


You could see 4 yaks and a hound.

Vanquished Creatures
  Pikel (D:4)
  A yak (D:6)
  Eustachio (D:4)
  A water moccasin (D:4)
  3 necrophages
  5 ogres
  3 lemures (D:4)
  4 scorpions
  2 water moccasin skeletons
  A bullfrog zombie (D:5)
  A centaur skeleton (D:5)
  2 orc priests
  2 iguanas (D:5)
  4 orc wizards (D:4)
  2 killer bee zombies
  2 hound zombies (D:5)
  6 gnolls
  7 adders
  2 worms (D:3)
  19 orcs
  7 bats
  7 endoplasms
  9 giant cockroaches
  7 goblins
  4 hobgoblins
  5 quokkas
  6 ball pythons
  3 frilled lizards
  3 kobolds (D:1)
  A quokka skeleton (D:4)
  3 rats
124 creatures vanquished.

Vanquished Creatures (others)
  5 fulminant prisms
  8 plants (D:1)
  2 withered plants (D:4)
15 creatures vanquished.

Grand Total: 139 creatures vanquished

Notes
Turn   | Place    | Note
-------+----------+-------------------------------------------
     0 | D:1      | hashsling the Deep Elf Conjurer began the quest for the
                  | Orb.
     0 | D:1      | Reached XP level 1. HP: 10/10 MP: 6/6
    91 | D:1      | You fall into a shaft and drop 1 floor!
    97 | D:2      | Reached skill level 4 in Spellcasting
    97 | D:2      | Reached XP level 2. HP: 15/15 MP: 1/9
   366 | D:1      | Found a faded altar of an unknown god.
   695 | D:1      | Reached XP level 3. HP: 19/19 MP: 8/11
   700 | D:1      | Learned a level 2 spell: Searing Ray
   704 | D:1      | Learned a level 3 spell: Dazzling Flash
   746 | D:1      | Reached skill level 5 in Spellcasting
  1881 | D:3      | Reached XP level 4. HP: 24/24 MP: 5/13
  1959 | D:3      | Reached skill level 6 in Spellcasting
  2341 | D:3      | Reached skill level 7 in Spellcasting
  2547 | D:3      | Reached XP level 5. HP: 28/28 MP: 13/16
  2838 | D:3      | Found a bloodstained altar of Trog.
  2891 | D:3      | Found a runed translucent gate.
  2891 | D:3      | Found a runed translucent gate.
  2892 | D:3      | Found a runed translucent gate.
  2897 | D:3      | Noticed croobank's ghost (amateur KoBr)
  3048 | D:4      | Reached skill level 1 in Hexes
  3057 | D:4      | Reached skill level 5 in Conjurations
  3062 | D:4      | Learned a level 4 spell: Iskenderun's Mystic Blast
  3067 | D:4      | Learned a level 4 spell: Fulminant Prism
  3338 | D:4      | Found an ornate altar of the Wu Jian Council.
  3359 | D:4      | Found a basalt altar of Yredelemnul.
  3363 | D:4      | Noticed an ogre
  3374 | D:4      | Killed an ogre
  3375 | D:4      | Reached XP level 6. HP: 5/32 MP: 3/18
  3797 | D:4      | Noticed a water moccasin
  3808 | D:4      | Killed a water moccasin
  3809 | D:4      | Reached XP level 7. HP: 7/36 MP: 2/20
  3837 | D:4      | Reached skill level 8 in Spellcasting
  3983 | D:4      | Found a stormy altar of Qazlal.
  4194 | D:4      | Noticed Pikel
  4201 | D:4      | Killed Pikel
  4202 | D:4      | Reached skill level 9 in Spellcasting
  4202 | D:4      | Reached skill level 5 in Hexes
  4202 | D:4      | Reached XP level 8. HP: 27/41 MP: 12/23
  4203 | D:4      | Noticed Eustachio
  4236 | D:4      | Killed Eustachio
  4565 | D:4      | Learned a level 3 spell: Conjure Flame
  4567 | D:4      | Learned a level 1 spell: Foxfire
  4572 | D:4      | Learned a level 4 spell: Flame Wave
  4790 | D:5      | Entered Level 5 of the Dungeon
  5068 | D:5      | Reached skill level 10 in Spellcasting
  5202 | D:5      | Reached skill level 1 in Fire Magic
  5202 | D:5      | Identified the +7 long sword "Daisalis" {flame, rPois rC++}
  5693 | D:5      | Found a staircase to the Ecumenical Temple.
  5698 | D:5      | Reached XP level 9. HP: 45/45 MP: 20/25
  5728 | Temple   | Entered the Ecumenical Temple
  5927 | Temple   | Became a worshipper of Vehumet
  6107 | D:5      | Reached skill level 11 in Spellcasting
  6158 | D:5      | Learned a level 3 spell: Inner Flame
  6161 | D:5      | Learned a level 2 spell: Sublimation of Blood
  6588 | D:6      | Slain by a yak

Illustrated notes

Levels and vault maps discovered:
D:1:      roderic_crop_circles_arrival_large, layout_basic,
          ebering_ecumenical_altar_sacrificial, kennysheep_crisscross
D:2:      layout_basic, hangedman_feature_mirror
D:3:      layout_basic, trog_book, gammafunk_ghost_necromancy,
          minmay_fractal_squares_diagonal_5
D:4:      layout_basic, yredelemnul_altar_generic,
          mainiacjoe_overflow_concentric_impassable, overflow_temple_1_default,
          minmay_misc_feat_ornament, uniq_eustachio, uniq_pikel
D:5:      layout_basic, minmay_temple_entry_proselytizer
D:6:      layout_layer_cave, doesnt_xom_only_xom, lemuel_blue_sif_altar,
          gammafunk_ghost_abyssal_escape, hangedman_feature_mirror,
          lemuel_flame_loot_1
Temple:   eino_narrow_crystal_temple

Skill      XL: |  1  2  3  4  5  6  7  8  9 |
---------------+----------------------------+-----
Spellcasting   | 4 5 7 9 10 11 | 11.2
Hexes          | 2 3 5 |  5.0
Conjurations   | 5 6 7 9 |  9.5
Fire Magic     | 2 3 |  3.1
Dodging        | |  2.4
Stealth        | |  2.4

Action                   |  1- 3 |  4- 6 |  7- 9 || total
-------------------------+-------+-------+-------++-------
Melee: Hand axe          |     8 |    16 |    11 ||    35
       Long sword        |       |       |    16 ||    16
 Cast: Magic Dart        |    71 |    88 |    89 ||   248
       Searing Ray       |     1 |     9 |     9 ||    19
       Dazzling Flash    |       |     4 |     3 ||     7
       Iskenderun's Myst |       |     2 |     4 ||     6
       Fulminant Prism   |       |       |     5 ||     5
       Flame Wave        |       |       |     2 ||     2
  Use: Scroll            |       |     1 |       ||     1
       Potion            |       |       |     1 ||     1
 Stab: Invisible         |       |     1 |       ||     1
       Sleeping          |       |     1 |       ||     1
Armor: Robe              |     1 |     9 |    22 ||    32
Dodge: Dodged            |     6 |    32 |    42 ||    80

Table legend: (Time is in decaauts)
 A = Elapsed time spent in this place.
 B = Non-inter-level travel time spent in this place.
 C = Inter-level travel time spent in this place.
 D = Time resting spent in this place.
 E = Time spent auto-exploring this place.
 F = Levels seen in this place.
 G = Mean time per level.
                   A        B        C        D        E       F      G
               +--------+--------+--------+--------+--------+-----+--------+
         Total |   6600 |   6500 |    100 |      0 |   5626 |   7 |  942.9 |
       Dungeon |   6392 |   6300 |     92 |      0 |   5453 |   6 | 1065.3 |
        Temple |    207 |    199 |      8 |      0 |    173 |   1 |  207.0 |
               +--------+--------+--------+--------+--------+-----+--------+

Top non-repeatable levels by time:
     D:4: 1871 daAuts
     D:5: 1431 daAuts
     D:3: 1318 daAuts
     D:1: 840 daAuts
     D:2: 766 daAuts
  Temple: 207 daAuts
     D:6: 163 daAuts
